[Event "Early-Titled-Tuesday-Blitz-October-17-2023"]
[Site "Chess.com"]
[Date "2023.10.17"]
[Round "8"]
[White "DanielTitichoca"]
[Black "szefru"]
[Result "1-0"]
[WhiteElo "2580"]
[BlackElo "2352"]
[TimeControl "180+1"]
[EndTime "9:31:19 PDT"]
[Termination "DanielTitichoca won by resignation"]

1. e4 c5 2. Nf3 Nc6 3. Bb5 g6 4. O-O Bg7 5. Re1 Nf6 6. c3 O-O 7. d4 d5 8. e5 Ne4 9. Bxc6 bxc6 10. h3 Bf5 11. Nbd2 h5 12. Nh4 e6 13. Nxf5 exf5 14.
Nf3 cxd4 15. cxd4 Qb6 16. b3 f6 17. Ba3 Rfe8 18. exf6 Bxf6 19. Qd3 Kg7 20. Rac1 Rac8 21.
Re2 Qa5 22. Bc5 Re6 23. Rec2 Qd8 24. Bxa7 g5 25. Qa6 Qd7 26. b4 Ra8 27. Rxc6 Rxa7 28. Rxe6 Rxa6 29. Rxa6 Qb5 30. Rc7+ Kg6 31. Ne5+ Kh6 32. Nf7+ Kg7 33. Nd6+ 1-0

[Event "Early-Titled-Tuesday-Blitz-October-17-2023"]
[Site "Chess.com"]
[Date "2023.10.17"]
[Round "8"]
[White "andrzej"]
[Black "lefonghua"]
[Result "1-0"]
[WhiteElo "2494"]
[BlackElo "2635"]
[TimeControl "180+1"]
[EndTime "9:31:22 PDT"]
[Termination "andrzej won by resignation"]

1. e4 c5 2. Nf3 g6 3. d4 cxd4 4. Nxd4 Bg7 5. c4 Nc6 6. Be3 Nf6 7. Nc3 d6 8. Be2 O-O 9. O-O Bd7 10. h3 Nxd4 11. Bxd4 Bc6 12. Qc2 a5 13. b3 Nd7 14.
Bxg7 Kxg7 15. Rfd1 Qb6 16. a3 Rfc8 17. Rab1 Ne5 18.
b4 axb4 19. axb4 Qa7 20. Qb2 Qa3 21. Qd2 h5 22. Qd4 Kg8 23. f4 Nd7 24. b5 Nc5 25. bxc6 bxc6 26. Ra1 Qxa1 27. Rxa1 Rxa1+ 28. Kh2 Rc1 29.
e5 Ne6 30. Qe3 Rc2 31. exd6 exd6 32. Qd3 Rb2 33. f5 Nf4 34. Qxd6 Nxe2 35. fxg6 Nxc3 36. gxf7+ Kg7 37. Qd4+ Kxf7 38. Qxc3 Rcb8 39. Qf3+ Kg6 40. Qxc6+ Kg5 41. Qd5+ Kg6 42. c5 R2b5 43. Qd6+ Kg5 44. c6 Rc8 45. Qd2+ Kf6 46. Qc3+ Ke7 47. Qg7+ Kd6 48. Qd7+ 1-0

[Event "Early-Titled-Tuesday-Blitz-October-17-2023"]
[Site "Chess.com"]
[Date "2023.10.17"]
[Round "8"]
[White "Aswathchess"]
[Black "Bauman_Guy"]
[Result "0-1"]
[WhiteElo "2655"]
[BlackElo "2851"]
[TimeControl "180+1"]
[EndTime "9:31:23 PDT"]
[Termination "Bauman_Guy won by resignation"]

1. d4 Nf6 2. c4 e6 3. g3 c5 4. d5 exd5 5. cxd5 d6 6. Nc3 g6 7. Bg2 Bg7 8. Nf3 O-O 9. O-O Re8 10.
Bf4 Ne4 11. Nxe4 Rxe4 12. Qc2 Bf5 13. Qd2 Re8 14. Ng5 h6 15. Nf3 Kh7 16. Nh4 Bg4 17.
f3 Bc8 18. Qc2 Kg8 19. Bc1 g5 20. Nf5 Bxf5 21. Qxf5 Rxe2 22. f4 Qd7 23. Qd3 Qe7 24. fxg5 hxg5 25. Bxg5 Rxg2+ 26. Kxg2 Qxg5 27. Qb5 Qxd5+ 28. Rf3 Nc6 29. Qb3 c4 30. Qxb7 Rb8 31. Rd1 Qxf3+ 32. Kxf3 Rxb7 0-1

[Event "Early-Titled-Tuesday-Blitz-October-17-2023"]
[Site "Chess.com"]
[Date "2023.10.17"]
[Round "8"]
[White "Emp3rador"]
[Black "lamomiajunior"]
[Result "0-1"]
[WhiteElo "2547"]
[BlackElo "2731"]
[TimeControl "180+1"]
[EndTime "9:31:25 PDT"]
[Termination "lamomiajunior won by resignation"]

1. e4 c6 2. d4 d5 3. exd5 cxd5 4. Bd3 Nc6 5. c3 Nf6 6. h3 g6 7. Qc2 Bg7 8. Nf3 O-O 9. O-O Bd7 10. Bf4 Rc8 11. a3 e6 12. Nbd2 Qb6 13. Rfe1 Na5 14. a4 Nc4 15. Nb3 Qd8 16. Nc5 Bc6 17. b3 Nd6 18. Ne5 b6 19. Na6 Bb7 20. Rac1 Nde4 21. Qb2 Nh5 22. Bh2 Qg5 23. Nf3 Qe7 24. Ne5 Rfd8 25. f3 Nd6 26. Nb4 Nf5 27. Nc2 Qg5 28. g4 Nh4 29. Rf1 Nf4 30. Bxf4 Qxf4 31. Ne1 f6 32. Qf2 Qxc1 33. Qxh4 fxe5 34. Ng2 Qxc3 0-1

[Event "Early-Titled-Tuesday-Blitz-October-17-2023"]
[Site "Chess.com"]
[Date "2023.10.17"]
[Round "8"]
[White "Alenzer"]
[Black "Gyulamiryan-koryun"]
[Result "0-1"]
[WhiteElo "2083"]
[BlackElo "1939"]
[TimeControl "180+1"]
[EndTime "9:31:25 PDT"]
[Termination "Gyulamiryan-koryun won by resignation"]

1. e4 c5 2. Nf3 d6 3. d4 cxd4 4.
Nxd4 Nf6 5. Nc3 a6 6. h3 e5 7. Nf3 Be6 8. Bg5 Be7 9. Be2 O-O 10. Nh2 Nbd7 11. Qd2 Rc8 12. O-O Rxc3 13. Bxf6 Nxf6 14.
Qxc3 Nxe4 15. Qe3 d5 16. Bd3 Bc5 17. Qe2 f5 18. Bxe4 fxe4 19. Ng4 Qg5 20. c4 Bxg4 21. hxg4 e3 22. f3 d4 23. g3 d3 24. Qxd3 e2+ 25. Rf2 Rd8 26. Qxe2 Rd2 27. f4 Rxe2 28.
fxg5 Rxf2 29. Kh1 Rxb2 30. Re1 Bd4 31. g6 hxg6 32. a4 Ra2 33. a5 Rxa5 34. Kg2 Rc5 35. Rc1 b5 36. Kf3 Rxc4 37. Ke4 Rxc1 0-1

[Event "Early-Titled-Tuesday-Blitz-October-17-2023"]
[Site "Chess.com"]
[Date "2023.10.17"]
[Round "8"]
[White "attack2mateU"]
[Black "Aash20"]
[Result "1-0"]
[WhiteElo "2720"]
[BlackElo "2542"]
[TimeControl "180+1"]
[EndTime "9:31:28 PDT"]
[Termination "attack2mateU won by resignation"]

1. e4 c5 2. Nf3 d6 3. d4 cxd4 4. Nxd4 Nf6 5. Nc3 g6 6. Be3 Bg7 7. f3 O-O 8. Qd2 Nc6 9. Bc4 Bd7 10. O-O-O Ne5 11. Be2 Qa5 12. Kb1 Rfc8 13. Nb3 Qc7 14. Bg5 Be6 15. h4 a5 16. Nd4 a4 17. a3 Bc4 18. h5 Bxe2 19. Qxe2 Qc4 20. hxg6 hxg6 21. Qf2 Rab8 22. Qh4 Rc5 23. Nd5 Rxd5 24. exd5 b5 25. Nc6 Qxh4 26. Rxh4 Nxc6 27. dxc6 Rc8 28.
Rb4 Rxc6 29. Rxb5 e6 30. Rb8+ Kh7 31. Rh1+ Nh5 32. g4 Rc5 33. Bc1 1-0

[Event "Early-Titled-Tuesday-Blitz-October-17-2023"]
[Site "Chess.com"]
[Date "2023.10.17"]
[Round "8"]
[White "K_A_S_T_O_R"]
[Black "kingofthenil"]
[Result "1-0"]
[WhiteElo "2873"]
[BlackElo "2736"]
[TimeControl "180+1"]
[EndTime "9:31:30 PDT"]
[Termination "K_A_S_T_O_R won by resignation"]

1. e4 Nc6 2. Nf3 d5 3. Nc3 dxe4 4. Nxe4 Qd5 5. d3 Nf6 6. Nxf6+ gxf6 7. c4 Qh5 8. Be2 Rg8 9. Ng5 Qh4 10. g3 Qd4 11. Nf3 Qd6 12. d4 Bh3 13. d5 Ne5 14. Qb3 O-O-O 15.
Be3 Bg2 16. Nxe5 fxe5 17. Rg1 Be4 18. f3 Bg6 19. O-O-O Qa6 20. Rge1 Qa5 21. a3 e6 22.
dxe6 fxe6 23. Rf1 Bc5 24. Bxc5 Qxc5 25. Qc3 a5 26. b4 axb4 27. axb4 Rxd1+ 28. Rxd1 Qf2 29. Qxe5 Kb8 30. g4 Qb6 31. Qc3 h5 32. c5 Qa7 33.
Kb2 Qa4 34. Ra1 Qc6 35. Qa3 b6 36. Qa7+ Kc8 37. Qa8+ Kd7 38. Rd1+ Ke7 39. Qxc6 1-0

[Event "Early-Titled-Tuesday-Blitz-October-17-2023"]
[Site "Chess.com"]
[Date "2023.10.17"]
[Round "8"]
[White "nelsi"]
[Black "MMAHDI2013"]
[Result "1-0"]
[WhiteElo "2304"]
[BlackElo "2451"]
[TimeControl "180+1"]
[EndTime "9:31:30 PDT"]
[Termination "nelsi won on time"]

1. e4 c6 2. d4 d5 3. Nc3 dxe4 4. Bc4 Nf6 5. f3 exf3 6. Nxf3 Bf5 7. O-O e6 8. Ng5 Bg6 9. Bxe6 fxe6 10. Nxe6 Qd7 11. Bg5 Kf7 12. d5 cxd5 13. Nxd5 Kxe6 14. Bxf6 Qxd5 15.
Qg4+ Kf7 16. Bh4+ Kg8 17. Rxf8+ Kxf8 18. Rf1+ Ke8 19. Qc8+ 1-0

[Event "Early-Titled-Tuesday-Blitz-October-17-2023"]
[Site "Chess.com"]
[Date "2023.10.17"]
[Round "8"]
[White "Witik"]
[Black "Msb2"]
[Result "0-1"]
[WhiteElo "2825"]
[BlackElo "3064"]
[TimeControl "180+1"]
[EndTime "9:31:34 PDT"]
[Termination "Msb2 won on time"]

1. e4 e6 2. d3 d5 3. Qe2 Nc6 4.
Nf3 e5 5. c3 Nf6 6. Qc2 Bd6 7. Be2 O-O 8. Bg5 dxe4 9. dxe4 h6 10.
Bh4 Be7 11. Nfd2 Ne8 12. Bg3 Nd6 13. O-O f5 14. exf5 Bxf5 15. Qb3+ Kh8 16. Na3 e4 17. Ndc4 Be6 18. Rad1 Qe8 19. Qc2 Bf5 20. Ne3 Bg6 21. Nb5 Nxb5 22. Bxb5 a6 23. Be2 Bc5 24. Bxc7 Qf7 25.
Bg3 Rac8 26. Qb3 Qe7 27. Nd5 Qg5 28. Qxb7 h5 29. b4 Ba7 30. Nf4 Bf7 31. Rd7 Ne5 32.
Qxa7 Nxd7 33. h4 Qe7 34. Rd1 Rcd8 35. Bxh5 Bxh5 36. Nxh5 Qf7 37. Nf4 Ne5 0-1

[Event "Early-Titled-Tuesday-Blitz-October-17-2023"]
[Site "Chess.com"]
[Date "2023.10.17"]
[Round "8"]
[White "fu24"]
[Black "Fan_Of_Chucky"]
[Result "0-1"]
[WhiteElo "2636"]
[BlackElo "2501"]
[TimeControl "180+1"]
[EndTime "9:31:36 PDT"]
[Termination "Fan_Of_Chucky won by resignation"]

1. d4 Nf6 2. Bg5 Ng8 3. e4 h6 4.
Bh4 g5 5. Bg3 Bg7 6. Bc4 e6 7.
Nc3 Ne7 8. h4 d5 9. exd5 exd5 10.
Bb3 Nf5 11. hxg5 Nxg3 12. fxg3 Qxg5 13. Qf3 c6 14. Nge2 Bg4 15. Qf4 Qxf4 16. gxf4 Nd7 17.
Kd2 O-O-O 18. Rae1 Nf6 19. Ng3 h5 20. Rh4 Bh6 21.
Nce2 Rde8 22. c3 Re6 23. Bc2 Kc7 24. Bf5 Rxe2+ 25. Rxe2 Bxf4+ 26. Kd3 Bxg3 27. Bxg4 Bxh4 28.
Re7+ Kd6 29. Rxb7 hxg4 30. Rxa7 Bg5 31. Rxf7 Rh2 32. b3 Rxg2 33. c4 Ne4 0-1

[Event "Early-Titled-Tuesday-Blitz-October-17-2023"]
[Site "Chess.com"]
[Date "2023.10.17"]
[Round "8"]
[White "Juicy_Fork"]
[Black "JiiHart"]
[Result "1-0"]
[WhiteElo "2417"]
[BlackElo "2202"]
[TimeControl "180+1"]
[EndTime "9:31:40 PDT"]
[Termination "Juicy_Fork won by checkmate"]

1. e4 e5 2. Nf3 Nf6 3. Nxe5 d6 4. Nf3 Nxe4 5. Nc3 d5 6. Qe2 Be7 7. Nxe4 dxe4 8. Qxe4 O-O 9. Bd3 g6 10. O-O Bf5 11.
Qxb7 Bxd3 12. cxd3 Nd7 13. d4 c5 14. d3 cxd4 15.
Bh6 Re8 16. Qb3 Bf6 17. Rfe1 Nc5 18. Rxe8+ Qxe8 19. Qc4 Ne6 20. Re1 Rc8 21. Qa6 Qd7 22.
h3 Qc7 23. Rxe6 Bh4 24. Re1 Bf6 25. Qxf6 a5 26. Qg7# 1-0

[Event "Early-Titled-Tuesday-Blitz-October-17-2023"]
[Site "Chess.com"]
[Date "2023.10.17"]
[Round "8"]
[White "Kotofeyca"]
[Black "CuattroPrincesses"]
[Result "0-1"]
[WhiteElo "2402"]
[BlackElo "2282"]
[TimeControl "180+1"]
[EndTime "9:31:40 PDT"]
[Termination "CuattroPrincesses won by resignation"]

1. d4 Nf6 2. c4 e6 3. Nf3 Bb4+ 4. Nbd2 O-O 5. a3 Be7 6. e4 d6 7. Be2 a5 8. b3 Nc6 9. Bb2 Nd7 10.
O-O e5 11. Re1 exd4 12. Nxd4 Bf6 13. N2f3 Re8 14. Qc2 Nc5 15. Nxc6 bxc6 16. Nd2 Rb8 17. Bc3 Bxc3 18. Qxc3 Nxe4 19. Nxe4 Rxe4 20. Qxa5 Rxb3 21. Bf3 Rxe1+ 22. Rxe1 Bd7 23. Qa4 Qb8 24. Bxc6 Rb1 25. Kf1 Rxe1+ 26. Kxe1 Qe8+ 27. Kf1 Bxc6 28. Qa7 Qa8 29.
Qxc7 Bxg2+ 30. Kg1 Bh3 31. f3 h6 32. Kf2 Qxa3 33.
Qc8+ Bxc8 0-1

[Event "Early-Titled-Tuesday-Blitz-October-17-2023"]
[Site "Chess.com"]
[Date "2023.10.17"]
[Round "8"]
[White "Cayse"]
[Black "Polish_fighter3000"]
[Result "0-1"]
[WhiteElo "2895"]
[BlackElo "3051"]
[TimeControl "180+1"]
[EndTime "9:31:42 PDT"]
[Termination "Polish_fighter3000 won by resignation"]

1. e4 e6 2. d4 d5 3. e5 c5 4. c3 Bd7 5. Nf3 a6 6. Be2 Bb5 7. O-O Bxe2 8. Qxe2 Nc6 9. Rd1 cxd4 10. cxd4 Nge7 11. Na3 Nb4 12. Nc2 Nxc2 13. Qxc2 Rc8 14. Qd3 Nc6 15. Bd2 Be7 16. a3 O-O 17. Rac1 Qb6 18.
Rc2 Qb5 19. Bc3 Qxd3 20. Rxd3 Na7 21. g3 Rc6 22. Re2 Rfc8 23. Kf1 Nb5 24. Ba5 Rc1+ 25. Kg2 R8c4 26. h4 Rb1 27. b3 Rc6 28. a4 Na3 29. Ra2 b5 30. axb5 axb5 31. g4 b4 32. g5 Kf8 33. Nd2 Rd1 34. Kf3 Ke8 35. Ke2 Rh1 36.
Nf3 Kd7 37. Rd1 Rxd1 38. Kxd1 Ra6 39. Bxb4 Bxb4 40. Ne1 Ra5 41. Nd3 Nb5 42. Nxb4 Nc3+ 0-1

[Event "Early-Titled-Tuesday-Blitz-October-17-2023"]
[Site "Chess.com"]
[Date "2023.10.17"]
[Round "8"]
[White "AvitalBor"]
[Black "wonderfultime"]
[Result "1-0"]
[WhiteElo "2857"]
[BlackElo "2973"]
[TimeControl "180+1"]
[EndTime "9:31:42 PDT"]
[Termination "AvitalBor won by resignation"]

1. e4 e5 2. Nc3 Nc6 3. Bc4 Bc5 4. Nge2 Nf6 5. d3 d6 6. h3 Be6 7. O-O h6 8. a3 O-O 9. b4 Bb6 10.
Nd5 Bxd5 11. Bxd5 Nxd5 12. exd5 Ne7 13. c4 Ng6 14. Qc2 Bd4 15. Nxd4 exd4 16. Re1 Qf6 17. Qe2 Ne5 18. Bb2 Qg6 19. Rad1 Rae8 20. Bxd4 Nxd3 21. Qxe8 Rxe8 22. Rxe8+ Kh7 23. Be3 Ne5 24. Rxe5 dxe5 25. c5 Qc2 26. Rd2 Qa4 27. d6 cxd6 28. cxd6 Qd7 29. Bxa7 Kg6 30. Bb6 Kf6 31. a4 Ke6 32. b5 Qc8 33. d7 Qc1+ 34. Kh2 Qxd2 35. d8=Q Qf4+ 36. g3 Qxa4 37. Qe8+ Kf6 38. Bd8+ Kg6 39. Qxe5 f6 40. Qe8+ Kh7 41. Qd7 Qe4 42. Bxf6 1-0

[Event "Early-Titled-Tuesday-Blitz-October-17-2023"]
[Site "Chess.com"]
[Date "2023.10.17"]
[Round "8"]
[White "Journey_to_GrandMaster_YT"]
[Black "Flaccidmoves"]
[Result "1-0"]
[WhiteElo "2614"]
[BlackElo "2415"]
[TimeControl "180+1"]
[EndTime "9:31:43 PDT"]
[Termination "Journey_to_GrandMaster_YT won on time"]

1. Nf3 Nf6 2. g3 g6 3. Bg2 Bg7 4. O-O O-O 5. d4 d6 6. b3 a5 7.
Bb2 a4 8. c4 axb3 9. axb3 Rxa1 10. Bxa1 Nc6 11. Nc3 e5 12. dxe5 Nxe5 13. Nxe5 dxe5 14.
Nb5 Qe7 15. Na7 c6 16. Nxc8 Rxc8 17. Bc3 e4 18. Qa1 e3 19. f3 Rd8 20. Bh3 Nh5 21. Bxg7 Nxg7 22. Rd1 h5 23. Rd4 Rxd4 24. Qxd4 Ne8 25. f4 Nf6 26. f5 g5 27. Bg2 Ng4 28. h3 Nf6 29. Bf3 Kf8 30. c5 Kg8 31. b4 Kf8 32.
Bxh5 Qc7 33. Kh2 Nxh5 34. Qh8+ Ke7 35. Qxh5 Qe5 36. Qxg5+ f6 37. Qf4 Qc3 38. Qe4+ Kf7 39. Kg2 Qd2 40. Kf3 Qe1 41. Qxe3 Qh1+ 42. Kg4 Kg7 43.
Qe7+ 1-0

[Event "Early-Titled-Tuesday-Blitz-October-17-2023"]
[Site "Chess.com"]
[Date "2023.10.17"]
[Round "8"]
[White "SAInt_666"]
[Black "jaskol95"]
[Result "1-0"]
[WhiteElo "2774"]
[BlackElo "2605"]
[TimeControl "180+1"]
[EndTime "9:31:47 PDT"]
[Termination "SAInt_666 won by checkmate"]

1. e4 d5 2. exd5 Nf6 3. d4 Bg4 4. f3 Bf5 5. c4 e6 6. g4 Bg6 7. Nc3 exd5 8. g5 Nfd7 9. cxd5 Bd6 10.
Bd3 O-O 11. Nge2 c6 12. h4 Bh5 13. Qc2 g6 14. Bd2 cxd5 15. O-O-O Nc6 16. a3 Rc8 17. Rhf1 Nb6 18. Kb1 Nc4 19. Bxc4 dxc4 20. Ne4 b5 21. d5 Ne5 22. Bc3 a5 23. f4 Ng4 24. Nd4 b4 25. Nc6 Qc7 26. Bd4 bxa3 27. Rde1 axb2 28. Nxd6 Qxd6 29. Ne7+ Qxe7 30. Rxe7 a4 31. Ra7 c3 32.
Re1 Rfe8 33. Rxe8+ Rxe8 34. Qe4 Rc8 35. Rc7 Ra8 36. d6 c2+ 37. Rxc2 Rd8 38. Qe7 Rf8 39. Qxf8+ Kxf8 40. Rc8# 1-0

[Event "Early-Titled-Tuesday-Blitz-October-17-2023"]
[Site "Chess.com"]
[Date "2023.10.17"]
[Round "8"]
[White "Maect19"]
[Black "chrisclaireredfield"]
[Result "0-1"]
[WhiteElo "2235"]
[BlackElo "2530"]
[TimeControl "180+1"]
[EndTime "9:31:47 PDT"]
[Termination "chrisclaireredfield won by resignation"]

1. d4 d5 2. Nf3 Nf6 3. e3 c6 4. Bd3 Bg4 5. O-O e6 6. Nbd2 Nbd7 7. b3 Bd6 8. Bb2 O-O 9. c4 Re8 10. h3 Bh5 11. e4 e5 12. exd5 cxd5 13. dxe5 Nxe5 14. Be2 dxc4 15. Nxc4 Nxc4 16. Bxc4 Bc5 17. Qxd8 Raxd8 18. Bxf6 gxf6 19. g4 Bg6 20. Rfd1 Bc2 21. Rxd8 Rxd8 22. Kf1 Be4 23. Be2 f5 24. Rd1 Rxd1+ 25.
Bxd1 fxg4 26. hxg4 Kg7 27. Nd2 Bd3+ 28. Be2 Bc2 29. Kg2 f5 30. f3 Kf6 31. Nc4 f4 32.
Nd2 Ke5 33. Bc4 Kd4 34. Bg8 h6 35. Bf7 Be7 36. Be6 Kc3 37. Ne4+ Kb2 38. b4 Bxb4 39. Nf6 Bb1 40. Ng8 Bf8 41. a4 a5 42. Nf6 Bc2 43. Nd5 Bxa4 44. Nxf4 b5 45. Nd3+ Kc3 46. Nf2 b4 47. Ne4+ Kd4 48. Nd2 Bc2 49. Bb3 Bd3 50.
f4 Bb5 51. Nf3+ Kc3 52. Be6 b3 53. g5 hxg5 54. fxg5 b2 55. Bf5 Bd3 0-1

[Event "Early-Titled-Tuesday-Blitz-October-17-2023"]
[Site "Chess.com"]
[Date "2023.10.17"]
[Round "8"]
[White "TregubovP"]
[Black "krzyzan94"]
[Result "0-1"]
[WhiteElo "2610"]
[BlackElo "2788"]
[TimeControl "180+1"]
[EndTime "9:31:56 PDT"]
[Termination "krzyzan94 won on time"]

1. e4 c5 2. Nf3 Nc6 3. Bb5 a6 4. Bxc6 dxc6 5. O-O Bg4 6. h3 Bxf3 7. Qxf3 e5 8. a4 a5 9. d3 Bd6 10. Na3 Ne7 11. Nc4 O-O 12. Bd2 Bc7 13. Rae1 b6 14.
Qg4 Ng6 15. g3 Kh8 16. h4 Ne7 17. h5 b5 18. Ne3 h6 19. Ra1 c4 20. Qe2 cxd3 21. cxd3 Bb6 22. Ng4 Qd6 23. Be3 Bd4 24.
Bxd4 Qxd4 25. Rfd1 f5 26. exf5 Rxf5 27. Qe4 Rxh5 28. axb5 Qxe4 29. dxe4 cxb5 30. Rd7 Nc6 31. Rc1 Nd4 32. Rcc7 Rg5 33. Nxe5 Rxe5 34. Rxd4 a4 35. f4 Rh5 36. Rdd7 Rg8 37. Kg2 b4 38. Rb7 b3 39.
Rd4 Rc5 0-1

[Event "Early-Titled-Tuesday-Blitz-October-17-2023"]
[Site "Chess.com"]
[Date "2023.10.17"]
[Round "8"]
[White "Casper"]
[Black "vishwa_vijeta"]
[Result "1-0"]
[WhiteElo "2407"]
[BlackElo "2501"]
[TimeControl "180+1"]
[EndTime "9:31:56 PDT"]
[Termination "Casper won by checkmate"]

1. e4 c5 2. d4 cxd4 3. Qxd4 Nc6 4. Qe3 g6 5. Nc3 Bg7 6. Bd2 d6 7. O-O-O Nf6 8. Nd5 Be6 9. Bc3 O-O 10. h4 Ng4 11.
Qg3 Bxd5 12. exd5 Bxc3 13. Qxg4 Ne5 14. Qf4 Ba5 15. h5 Rc8 16. Nf3 Qc7 17. Nd4 Bb6 18. c3 Ba5 19. Rh3 Qc5 20. Qh4 h6 21. hxg6 fxg6 22.
Qxh6 Kf7 23. Bb5 Qxd5 24. f4 Ng4 25. Qh7+ Kf6 26. Re1 Qxd4 27. Qxe7+ Kf5 28. Qg5# 1-0

[Event "Early-Titled-Tuesday-Blitz-October-17-2023"]
[Site "Chess.com"]
[Date "2023.10.17"]
[Round "8"]
[White "GMaka"]
[Black "Nf3c5"]
[Result "1-0"]
[WhiteElo "2512"]
[BlackElo "2597"]
[TimeControl "180+1"]
[EndTime "9:31:57 PDT"]
[Termination "GMaka won on time"]

1. d4 Nf6 2. Bg5 Ne4 3. h4 h6 4. Bf4 d5 5. e3 Bf5 6. Bd3 e6 7. g4 Bh7 8. f3 Nf6 9. Bxh7 Rxh7 10.
Qd3 Rh8 11. Qb5+ Nbd7 12. Qxb7 Bd6 13. Bxd6 cxd6 14. Qa6 Rb8 15. b3 Qc7 16. c3 e5 17.
Ne2 g6 18. Nd2 Kf8 19. h5 Kg7 20. Kf2 Rbe8 21. Rhg1 Nf8 22. Rg2 Ne6 23. Rag1 Ng5 24. hxg6 Nh3+ 25. Kf1 Nxg1 26. gxf7 Kxf7 27. Kxg1 Rhg8 28.
Ng3 exd4 29. cxd4 1-0

[Event "Early-Titled-Tuesday-Blitz-October-17-2023"]
[Site "Chess.com"]
[Date "2023.10.17"]
[Round "8"]
[White "vladislavkovalev"]
[Black "Arystanner"]
[Result "0-1"]
[WhiteElo "2864"]
[BlackElo "2817"]
[TimeControl "180+1"]
[EndTime "9:31:59 PDT"]
[Termination "Arystanner won on time"]

1. e4 c5 2. Nf3 e6 3. c3 d5 4. exd5 exd5 5. d4 Nc6 6. Bb5 Nf6 7.
O-O Be7 8. dxc5 Bxc5 9. Re1+ Be6 10. Be3 Bxe3 11. Rxe3 O-O 12. Na3 Qb6 13. Qe2 Rfe8 14.
h3 h6 15. Ba4 Red8 16. Bb3 Bf5 17. Nb5 Be4 18. Nbd4 Rac8 19. Rd1 Na5 20. Nd2 Bg6 21. Nf1 Nxb3 22. axb3 a5 23. Ng3 Re8 24. Re1 Rxe3 25. Qxe3 Re8 26. Qd2 Rxe1+ 27. Qxe1 Ne4 28. Nf1 Nc5 29. Ne3 Qd8 30. Qd2 Be4 31. f3 Bg6 32. Ne2 Nd3 33. Nd4 Nc5 34. Qf2 Qd6 35. Qe2 Kh7 36. Ng4 Qb6 37. Qd1 Ne6 38. Ne5 Nxd4 39. cxd4 Bf5 40. g4 Be6 41. Qd3+ Kg8 42. h4 f6 43. Ng6 Bf7 44. Ne7+ Kf8 45. Nf5 Qc7 46.
Kg2 Bg6 47. h5 Bh7 48. Qd2 Bxf5 49. gxf5 Kg8 50. Qe2 Qd7 51. Qd3 Qe8 52. Qc3 Kh7 53. Qxa5 Qd7 0-1

[Event "Early-Titled-Tuesday-Blitz-October-17-2023"]
[Site "Chess.com"]
[Date "2023.10.17"]
[Round "8"]
[White "Sekar24"]
[Black "Kostya0705"]
[Result "0-1"]
[WhiteElo "2518"]
[BlackElo "2641"]
[TimeControl "180+1"]
[EndTime "9:31:59 PDT"]
[Termination "Kostya0705 won on time"]

1. e4 c5 2. Nf3 e6 3. d4 cxd4 4.
Nxd4 Nc6 5. Be2 Qc7 6. O-O a6 7. c4 Nf6 8. Nc3 Bb4 9. Nxc6 bxc6 10. Qd3 O-O 11. Bd2 Bb7 12. a3 Be7 13. f4 d5 14. e5 Nd7 15. b4 dxc4 16. Qxc4 c5 17. Bf3 Nb6 18. Qb3 Rfd8 19. Bxb7 Qxb7 20. Be3 c4 21.
Qc2 Rd3 22. Bf2 Rad8 23. Rad1 Nd5 24. Ne2 Rxd1 25. Rxd1 Rc8 26. g3 a5 27. bxa5 Qb5 28.
Nc3 Qxa5 29. Nxd5 exd5 30. Qf5 Rd8 31. e6 f6 32. Qh5 g6 33. Qg4 c3 34. f5 Kg7 35.
fxg6 hxg6 36. Bd4 c2 37. Rc1 Qd2 0-1

[Event "Early-Titled-Tuesday-Blitz-October-17-2023"]
[Site "Chess.com"]
[Date "2023.10.17"]
[Round "8"]
[White "Levanzovsky"]
[Black "Herman-NY"]
[Result "1-0"]
[WhiteElo "2421"]
[BlackElo "2530"]
[TimeControl "180+1"]
[EndTime "9:32:00 PDT"]
[Termination "Levanzovsky won by resignation"]

1. d4 Nf6 2. Nc3 g6 3. Bf4 c5 4. e3 Nh5 5. Be5 f6 6. Bg3 cxd4 7. exd4 d5 8. Be2 Nxg3 9. hxg3 Nc6 10. Bd3 Kf7 11.
Nge2 f5 12. Nf4 Nxd4 13. Ncxd5 Bg7 14. Bc4 e6 15. Ne3 b5 16. Bd3 e5 17. Nfd5 Be6 18. c4 bxc4 19. Bxc4 Rc8 20. b3 Qa5+ 21. Kf1 h5 22. f4 e4 23. Kf2 Rhd8 24. Qe1 Qxe1+ 25. Rhxe1 Nc6 26. Rad1 Bd4 27. Kf1 Bc5 28. Re2 a5 29.
Red2 Nb4 30. Nxb4 Rxd2 31. Rxd2 Bxe3 32. Rd7+ Kf6 33. Rd6 Rxc4 34. Nd5+ Kf7 35. bxc4 Bc5 36. Rc6 Bd4 37. Ra6 e3 38. Ke2 h4 39. gxh4 1-0

[Event "Early-Titled-Tuesday-Blitz-October-17-2023"]
[Site "Chess.com"]
[Date "2023.10.17"]
[Round "8"]
[White "DKmirl"]
[Black "Shuvalov"]
[Result "1-0"]
[WhiteElo "2290"]
[BlackElo "2481"]
[TimeControl "180+1"]
[EndTime "9:32:01 PDT"]
[Termination "DKmirl won by resignation"]

1. d4 Nf6 2. Nf3 c5 3. g3 cxd4 4. Nxd4 d5 5. Bg2 e5 6. Nf3 Nc6 7. O-O Be7 8. c4 d4 9. b3 O-O 10. Bb2 Bg4 11. Nbd2 Re8 12. h3 Bf5 13. Nh4 Be6 14.
Kh2 Qd7 15. a3 a5 16. Qc2 Rad8 17. Ne4 Nxe4 18. Bxe4 Bxh4 19. Bxh7+ Kf8 20. gxh4 Qe7 21. Qe4 Qf6 22. Bc1 g6 23. Bh6+ Qg7 24. Bxg7+ Kxg7 25. h5 Bf5 26. Qg2 Kxh7 27. hxg6+ Bxg6 28. Qg5 Kg7 29. Rg1 Rh8 30. b4 Rde8 31. b5 Nd8 32. c5 Re6 33.
Rg3 e4 34. Qd5 d3 35. Qd4+ Kh7 36. Rg4 f6 37. Rh4+ Kg7 38. Rxh8 Kxh8 39. Qxd8+ Kg7 40. Qd7+ Bf7 41. Rg1+ Kh6 42. Qxf7 1-0

[Event "Early-Titled-Tuesday-Blitz-October-17-2023"]
[Site "Chess.com"]
[Date "2023.10.17"]
[Round "8"]
[White "Kirill_Klukin"]
[Black "Emeraldddd"]
[Result "1-0"]
[WhiteElo "2675"]
[BlackElo "2535"]
[TimeControl "180+1"]
[EndTime "9:32:02 PDT"]
[Termination "Kirill_Klukin won by checkmate"]

1. e4 c5 2. d4 cxd4 3. Qxd4 Nc6 4. Qd3 Nf6 5. Nc3 g6 6. Nf3 d6 7. Be2 Bg7 8. O-O O-O 9. h3 a6 10. Bg5 b5 11. Nd5 Nxd5 12. exd5 Ne5 13. Nxe5 Bxe5 14.
c3 Qc7 15. Rfe1 Bf5 16. Qd2 Rfe8 17. a4 Qb7 18. Bf1 Rac8 19. axb5 axb5 20. Be3 Ra8 21. Be2 Ra4 22. Bf3 Rea8 23. Rxa4 bxa4 24. Ra1 h5 25. Bd4 Bxd4 26. cxd4 Qb5 27. Ra3 Rb8 28. Qe3 Rb7 29. Bd1 Qxb2 30. Bxa4 Rb4 31. Bc6 Kg7 32. Ra7 Qxd4 33.
Rxe7 Rb1+ 34. Kh2 Qd1 35. Qc3+ Kf8 36. Re8# 1-0

[Event "Early-Titled-Tuesday-Blitz-October-17-2023"]
[Site "Chess.com"]
[Date "2023.10.17"]
[Round "8"]
[White "Harry_Rakkel"]
[Black "seopie"]
[Result "0-1"]
[WhiteElo "2713"]
[BlackElo "2859"]
[TimeControl "180+1"]
[EndTime "9:32:03 PDT"]
[Termination "seopie won on time"]

1. e4 c5 2. Nf3 d6 3. d4 cxd4 4.
Nxd4 Nf6 5. Nc3 a6 6. Be3 Ng4 7. Bc1 Nf6 8. a4 g6 9. Be2 Bg7 10. O-O O-O 11. Be3 Nc6 12. Re1 Nxd4 13. Bxd4 Be6 14. Qd2 Rc8 15. Rad1 Re8 16. h3 Qa5 17. Qe3 Nd7 18. Bxg7 Kxg7 19. Rd4 Qb6 20. Rb1 Ne5 21. Qd2 Nc6 22. Rd3 Ne5 23. Rg3 Bc4 24. Bd1 Be6 25. h4 Nc4 26. Qc1 Qd4 27. Rd3 Qc5 28.
h5 b5 29. axb5 axb5 30. Nd5 Ne5 31. Rc3 Qa7 32. h6+ Kf8 33. Ra1 Qb7 34. Rxc8 Rxc8 35. Qd2 Bxd5 36. exd5 Qb6 37. Kh2 f5 38. f4 Nd7 39. Bf3 Nf6 40. Qe2 Qd4 41. Qe6 Qxf4+ 42. Kh3 Qxh6+ 43. Kg3 Qg5+ 44. Kh3 Re8 45. Ra7 Qf4 46.
Be2 Ne4 0-1